cohdb
Replays
Latest Replays
All Replays
Popular Replays
Top Player Replays
Match Explorer
How It Works
Community
CoH3 Stats
Reddit
Sign in to upload your games and track your stats! →
Sign in with Steam
Match 42641300
Unlisted
Match 42641300
Overview
Messages
Build Orders
End
Construct Section Command Post
Dingo Light Scout Car
Infantry Section
ML 3-inch Mortar Team
Infantry Section
Grenade Package
Construct Platoon Command Post
Infantry Section
Humber Armored Car
6-pounder Anti-tank Gun Team
Construct Company Command Post
Foot Guards Section
Crusader II Medium Tank
Royal Engineer Section
Crusader II Medium Tank
Unlock Bishop Self-propelled Artillery
Bishop Self-propelled Artillery
MrBadMass
Viperrexe
sixx2
Cpt Racks
CommieRed
Thank You Chef
0
0
Comments
sign in to comment!
No comments posted yet!